 Dungeon Crawl Stone Soup version 0.17-a0-1887-g3e50df6 (webtiles) character file.

315590 derrpe the Crack Shot (level 20, -16/172 HPs)
             Began as a Centaur Hunter on Sept 23, 2015.
             Was a High Priest of Okawaru.
             Demolished by an azure jelly (35 damage)
             ... on level 5 of the Pits of Slime on Sept 24, 2015.
             The game lasted 03:34:25 (63346 turns).

derrpe the Crack Shot (Centaur Hunter)             Turns: 63346, Time: 03:34:26

Health: -16/172    AC: 21    Str: 20    XL:     20   Next: 51%
Magic:  27/27      EV: 14    Int: 14    God:    Okawaru [*****.]
Gold:   983        SH:  0    Dex: 18    Spells: 5 memorised, 10 levels left

rFire  . . .     SeeInvis +     a - +11 longbow of Peace {velocity, rC- MR+ Str+2 Dex+2}
rCold  . . .     Clarity  .     y - +0 ring mail of the Volcano {rCorr Str+2 Dex+2}
rNeg   . . .     SustAt   .     (no shield)
rPois  .         Gourm    +     W - +0 hat {MR+}
rElec  .         Spirit   .     q - +2 cloak {MR+}
rCorr  +         Warding  .     r - +2 pair of gloves {archery}
rMut   .         Stasis   .     p - +1 centaur barding of Life {Regen+}
MR     ++++.                    U - amulet of the gourmand
Stlth  ..........               Q - ring of protection from cold
                                P - ring of see invisible

@: very quick, incredibly resistant to hostile enchantments, extremely
unstealthy
A: hooves 3, deformed body, speed 2, slow healing 1, tough skin 3
a: Heroism, Finesse, Renounce Religion
}: 2/15 runes: barnacled, gossamer


You were on level 5 of the Pits of Slime.
You worshipped Okawaru.
Okawaru was extremely pleased with you.
You were not hungry.

You visited 8 branches of the dungeon, and saw 42 of its levels.
You also visited: Ice Cave.

You collected 4189 gold pieces.
You spent 3206 gold pieces at shops.

Inventory:

Hand weapons
 a - the +11 longbow of Peace (weapon) {velocity, rC- MR+ Str+2 Dex+2}
   (You acquired it on level 12 of the Dungeon)

   Any arrow fired from it inflicts extra damage.
   It affects your strength (+2).
   It affects your dexterity (+2).
   It makes you vulnerable to cold.
   It affects your resistance to hostile enchantments.
 m - the +4 lajatang "Inwenuv" {holy, Str+4 Dex+3}
   (You found it in an ice cave)

   It has been blessed by the Shining One to cause great damage to the undead
   and demons.
   It affects your strength (+4).
   It affects your dexterity (+3).
 E - a +5 longbow of freezing
Missiles
 J - 81 arrows of dispersal
 L - 238 arrows (quivered)
 M - 25 arrows of frost
 N - 48 poisoned arrows
 V - 25 arrows of flame
Armour
 p - the +1 centaur barding of Life (worn) {Regen+}
   (You found it on level 8 of the Lair of Beasts)

   It increases your rate of regeneration.
 q - a +2 cloak of magic resistance (worn)
 r - a +2 pair of gloves of archery (worn)
 y - the +0 ring mail of the Volcano (worn) {rCorr Str+2 Dex+2}
   (You found it on level 3 of the Elven Halls)

   It affects your strength (+2).
   It affects your dexterity (+2).
   It protects you from acid and corrosion.
 H - the +4 ring mail of Hoalid {+Fly rPois rF+ Str+4}
   (You bought it in a shop on level 3 of the Shoals)

   It affects your strength (+4).
   It protects you from fire.
   It protects you from poison.
   It lets you fly.
 W - a +0 hat of magic resistance (worn)
Jewellery
 B - an uncursed amulet of clarity
 P - a ring of see invisible (left hand)
 Q - a ring of protection from cold (right hand)
 R - an uncursed ring of protection from fire
 U - an amulet of the gourmand (around neck)
Magical devices
 b - a wand of cold (9)
 o - a wand of digging (9)
Scrolls
 f - 16 scrolls of identify
 i - a scroll of holy word
 k - 4 scrolls of blinking
 n - a scroll of summoning
 s - 5 scrolls of fog
 t - 10 scrolls of teleportation
 u - 3 scrolls of recharging
 D - a scroll of silence
 G - 8 scrolls of remove curse
 I - 3 scrolls of magic mapping
 K - a scroll of torment
 S - a scroll of fear
 X - 5 scrolls of amnesia
Potions
 c - a potion of invisibility
 g - 2 potions of might
 j - a potion of cure mutation
 l - 7 potions of flight
 v - 9 potions of haste
 w - 7 potions of agility
 x - 11 potions of curing
Miscellaneous
 Y - 2 phantom mirrors
 Z - a legendary deck of destruction {the Storm, drawn: 2}
Comestibles
 e - 20 bread rations {@e1}
 h - 10 meat rations {@e2}
 A - 54 fruits


   Skills:
 + Level 13.5 Fighting
 + Level 21.9 Bows
 + Level 10.7 Armour
 + Level 10.7 Dodging
 - Level 0.5 Stealth
 + Level 15.7 Unarmed Combat
 - Level 5.0 Spellcasting
 * Level 8.0 Charms
 - Level 13.0 Transmutations
 * Level 7.9 Air Magic
 + Level 9.2 Invocations


You had 10 spell levels left.
You knew the following spells:

 Your Spells              Type           Power        Failure   Level  Hunger
a - Summon Butterflies    Summ           #.......     30%         1    None
b - Blade Hands           Trmt           #####.....   4%          5    ######.
c - Deflect Missiles      Chrm/Air       ####......   98%         6    #######
d - Haste                 Chrm           ####....     98%         6    #######
e - Apportation           Tloc           #.........   30%         1    None


Dungeon Overview and Level Annotations

Branches:
Dungeon (12/15)            Temple (1/1) D:5            Lair (8/8) D:11
 Shoals (4/4) Lair:3       Spider (4/4) Lair:6        Slime (6/6) Lair:8
    Orc (4/4) D:12            Elf (3/3) Orc:3

Altars:
Ashenzari
Cheibriados
Dithmenos
Elyvilon
Fedhas
Gozag
Kikubaaqudgha
Makhleb
Nemelex Xobeh
Okawaru
Qazlal
Ru
Sif Muna
Trog
Vehumet
Xom
Yredelemnul
Zin
The Shining One
Beogh

Shops:
D:6 [   D:10 =*%:[   Orc:1 %   Orc:3 ?   Orc:4 *:!?   Shoals:3 *

Annotations:
Slime:6 Royal Jelly


Innate Abilities, Weirdness & Mutations

You have hooves in place of feet.
Armour fits poorly on your strangely shaped body.
You cover ground very quickly.
You have extremely tough skin (AC +3).
You heal slowly when monsters are visible.


Message History

The azure jelly hits you but does no damage. x2
The azure jelly hits you. The azure jelly barely misses you.
Firing (i - inventory. (,) - cycle):
L - 240 arrows (quivered)
Press: ? - help, Shift-Dir - straight line, f/p - azure jelly
Aim: an azure jelly (moderately wounded)
You shoot an arrow.
The arrow barely misses the azure jelly.
The arrow hits the azure jelly!
The azure jelly is moderately wounded.
Firing (i - inventory. (,) - cycle):
L - 239 arrows (quivered)
Press: ? - help, Shift-Dir - straight line, f/p - azure jelly
Aim: an azure jelly (moderately wounded)
You shoot an arrow. The arrow hits the azure jelly.
The azure jelly is moderately wounded.
The azure jelly hits you! The azure jelly freezes you!!
* * * LOW HITPOINT WARNING * * *
The azure jelly hits you!
* * * LOW HITPOINT WARNING * * *
The azure jelly freezes you!!
You die...

##.##....# #......#.....####
#.......#####....#.........#####
...#............##..........##.##
................................#
#......#.............#......##.##
#.....#...#....#....##..#.......#
...................#............#
.................................
................@......#...#.##.#
......##.......J..>.........## .#
#......##.....J........#....# ..
...#........(..............### .#
....##......(................# ##
#...###.##....................#
.....####.JJ............####.##
.....###...............## ##
##....#........###...###


You could see 2 azure jellies, a large slime creature and a slime creature.

Vanquished Creatures
  Norris (Spider:3)
  Nikola (Spider:1)
  2 deep elf blademasters
  2 deep elf master archers (Elf:3)
  17 acid blobs
  A kraken (Shoals:3)
  Ilsuiw (Shoals:4)
  7 azure jellies
  Maud (Lair:7)
  A frost giant (Shoals:1)
  Aizul (Shoals:1)
  7 deep elf sorcerers (Elf:3)
  An orc warlord (Orc:4)
  10 emperor scorpions
  3 ghost moths
  A stone giant (Shoals:1)
  6 deep elf annihilators (Elf:3)
  Azrael (Orc:4)
  10 deep elf demonologists
  A salamander stormcaller (D:12)
  3 death oozes
  5 deep elf death magi
  Snorg (Lair:8)
  8 merfolk impalers
  7 merfolk javelineers
  2 deep elf high priests
  A fire dragon (D:12)
  The ghost of DEFE the Protected, a powerful DDFi of Makhleb (Orc:3)
  5 great orbs of eyes
  Fannar (Lair:1)
  8 hydras
  4 entropy weavers
  3 catoblepae (Lair:8)
  Erolcha (D:8)
  15 dancing weapons (Elf:2)
  8 merfolk aquamancers
  2 merfolk avatars
  The ghost of DizzySkin the Zephyrmancer, a powerful NaAE of Sif Muna (Lair:1)
  4 satyrs
  2 alligator snapping turtles
  9 orc high priests
  12 death yaks
  15 deep elf knights
  A giant orange brain (Slime:6)
  3 ice devils (IceCv)
  An unseen horror (D:12)
  3 hill giants
  11 sea snakes
  15 deep elf summoners
  2 ice statues (IceCv)
  12 manticores
  24 orb spiders
  12 deep elf conjurers
  11 griffons
  An ugly thing (D:11)
  9 shining eyes
  24 wolf spiders
  3 orc knights
  8 harpies
  16 fauns
  6 orc sorcerers
  A shining eye (shapeshifter) (Elf:2)
  5 water nymphs
  11 cyclopes
  14 sirens
  10 elephants
  2 moths of wrath (Spider:4)
  6 black mambas
  8 hornets
  Maurice (D:8)
  13 spiny frogs
  2 eyes of devastation
  Psyche (D:11)
  A torpor snail (Lair:7)
  An orange crystal statue (D:12)
  11 demonic crawlers
  4 komodo dragons
  3 trolls
  A fire drake (Lair:5)
  10 deep elf priests
  25 jumping spiders
  4 polar bears
  6 wind drakes
  33 merfolk
  7 blue devils (IceCv)
  3 blink frogs (Lair:3)
  6 two-headed ogres
  A boulder beetle (Orc:1)
  80 slime creatures
  14 snapping turtles
  19 trapdoor spiders
  26 tarantellas
  3 wyverns
  17 water elementals
  A basilisk (shapeshifter) (Elf:1)
  20 deep elf magi
  A wraith (D:12)
  4 basilisks
  2 steam dragons
  26 deep elf fighters
  48 redbacks
  17 golden eyes
  A yak (shapeshifter) (Elf:1)
  67 yaks
  8 hippogriffs
  3 hungry ghosts
  20 wolves
  4 fire elementals (Orc:4)
  8 wargs
  2 hell hounds (Orc:4)
  25 spiders
  5 ice beasts
  8 porcupines
  5 eyes of draining
  13 water moccasins
  2 necrophages
  4 wasps (Spider:4)
  2 sky beasts
  2 phantoms
  47 orc warriors
  18 ogres
  3 black bears
  12 centaurs
  14 crocodiles
  A brain worm (Lair:5)
  22 giant frogs
  3 big kobolds
  A gnoll sergeant (D:9)
  4 scorpions
  15 killer bees
  3 wights
  2 electric eels
  4 crimson imps
  A vampire bat (D:7)
  2 giant frog zombies
  A centaur zombie (D:5)
  9 hounds
  45 jellies
  27 orc wizards
  A gnoll shaman (D:5)
  3 centaur skeletons (D:4)
  25 orc priests
  14 worker ants
  A hell rat (D:11)
  7 iguanas
  16 sheep
  3 hound skeletons
  29 gnolls
  2 worker ant zombies
  17 adders
  28 river rats
  4 shadow imps
  7 white imps (IceCv)
  A giant eyeball (Slime:2)
  5 ufetubi (IceCv)
  An ooze (D:1)
  5 worms
  2 adder skeletons
  5 giant geckos
  264 orcs
  3 ball pythons
  17 bats
  48 goblins
  23 hobgoblins
  6 jackals
  11 kobolds
  9 giant cockroaches
  5 giant newts
  A jackal skeleton (D:9)
  10 quokkas
  11 rats
  8 fungi
  19 plants
  3 tentacles (Shoals:3)
1850 creatures vanquished.

Vanquished Creatures (others)
  A demonic crawler (Spider:4)
  A white imp (IceCv)
  4 ufetubi (IceCv)
  24 fungi
  68 plants
  9 tentacles
  152 tentacle segments (Shoals:3)
259 creatures vanquished.

Grand Total: 2109 creatures vanquished

Notes
Turn   | Place    | Note
--------------------------------------------------------------
     0 | D:1      | derrpe the Centaur Hunter began the quest for the Orb.
     0 | D:1      | Reached XP level 1. HP: 17/17 MP: 1/1
   274 | D:1      | Reached XP level 2. HP: 19/24 MP: 2/2
   405 | D:1      | Reached skill level 6 in Bows
  1557 | D:1      | Reached XP level 3. HP: 29/29 MP: 3/3
  1848 | D:2      | Reached skill level 7 in Bows
  2249 | D:2      | Reached XP level 4. HP: 36/36 MP: 4/4
  3032 | D:3      | Reached skill level 8 in Bows
  3395 | D:3      | Reached XP level 5. HP: 41/41 MP: 5/5
  3726 | D:3      | Reached skill level 9 in Bows
  4456 | D:4      | Reached XP level 6. HP: 38/48 MP: 6/6
  4694 | D:4      | Noticed a phantom
  4740 | D:4      | Killed a phantom
  4740 | D:4      | Reached skill level 10 in Bows
  5470 | D:4      | Reached skill level 11 in Bows
  5470 | D:4      | Reached XP level 7. HP: 40/55 MP: 7/7
  6232 | D:5      | Entered Level 5 of the Dungeon
  6524 | D:5      | Reached skill level 1 in Armour
  7116 | D:5      | Reached XP level 8. HP: 63/63 MP: 8/8
  7208 | D:5      | Found an ancient bone altar of Kikubaaqudgha.
  7351 | D:5      | Found a staircase to the Ecumenical Temple.
  7397 | Temple   | Entered the Ecumenical Temple
  7455 | Temple   | Became a worshipper of Warmaster Okawaru
  7963 | D:5      | Reached skill level 12 in Bows
  8828 | D:6      | Acquired Okawaru's first power
  9000 | D:6      | Found Qienkof's Armour Emporium.
  9007 | D:6      | Bought a +1 pair of gloves of archery for 165 gold pieces
  9252 | D:6      | Reached skill level 1 in Invocations
  9283 | D:6      | Found a deep blue altar of Sif Muna.
  9351 | D:7      | Learned a level 1 spell: Summon Butterflies
  9485 | D:7      | Reached XP level 9. HP: 71/71 MP: 10/10
  9569 | D:7      | Gained mutation: You can spit weak poison. [mutagenic meat]
  9924 | D:8      | Reached skill level 13 in Bows
 10195 | D:8      | Noticed Maurice
 10209 | D:8      | Killed Maurice
 10344 | D:8      | Noticed Erolcha
 10355 | D:8      | Killed Erolcha
 10355 | D:8      | Reached skill level 5 in Fighting
 10445 | D:8      | Found a snail-covered altar of Cheibriados.
 10807 | D:8      | Reached XP level 10. HP: 81/81 MP: 13/13
 10821 | D:8      | Reached skill level 5 in Invocations
 11269 | D:9      | Reached skill level 14 in Bows
 12067 | D:9      | Received a gift from Okawaru
 12687 | D:9      | Received a gift from Okawaru
 12756 | D:10     | Entered Level 10 of the Dungeon
 12821 | D:10     | Reached skill level 15 in Bows
 12848 | D:10     | Received a gift from Okawaru
 12848 | D:10     | Reached skill level 5 in Dodging
 12896 | D:10     | Found Fagy's Book Emporium.
 13107 | D:10     | Found Xeimosk's General Store.
 13157 | D:10     | Found Qaih's Jewellery Boutique.
 13398 | D:10     | Reached XP level 11. HP: 82/91 MP: 14/14
 13456 | D:10     | Found Elug's Food Boutique.
 13854 | D:10     | Found Deninyocw's Antique Armour Shoppe.
 13881 | D:10     | Bought a distressingly furry chain mail for 275 gold pieces
 13890 | D:10     | Noticed a hill giant
 13928 | D:10     | Killed a hill giant
 13952 | D:10     | Identified the cursed +1 chain mail of Nemelex Xobeh's Fury {Str+4 Stlth+} (You bought it in a shop on level 10 of the Dungeon)
 14203 | D:11     | Received a gift from Okawaru
 14205 | D:11     | Noticed Psyche
 14211 | D:11     | Killed Psyche
 14531 | D:10     | Reached skill level 5 in Armour
 14549 | D:10     | Received a gift from Okawaru
 14885 | D:11     | Acquired Okawaru's second power
 15037 | D:11     | Found a staircase to the Lair.
 15074 | D:11     | Received a gift from Okawaru
 15074 | D:11     | Reached skill level 16 in Bows
 15401 | D:11     | Noticed a hill giant
 15452 | D:11     | Killed a hill giant
 15562 | D:11     | Got a heavily runed shield
 15570 | D:11     | Identified the cursed +0 shield of Vefafy {rF- Dex+4} (You found it on level 11 of the Dungeon)
 15900 | D:12     | Received a gift from Okawaru
 15916 | D:12     | Noticed a hill giant
 15941 | D:12     | Killed a hill giant
 16194 | D:12     | Found a staircase to the Orcish Mines.
 16288 | D:12     | Received a gift from Okawaru
 16971 | Lair:1   | Entered Level 1 of the Lair of Beasts
 17105 | Lair:1   | Noticed DizzySkin's ghost (powerful NaAE)
 17124 | Lair:1   | Received a gift from Okawaru
 17164 | Lair:1   | Killed DizzySkin's ghost
 17164 | Lair:1   | Reached XP level 12. HP: 92/101 MP: 14/16
 17358 | Lair:1   | Received a gift from Okawaru
 17495 | Lair:1   | Reached skill level 17 in Bows
 17738 | Lair:1   | Noticed Fannar
 17788 | Lair:1   | Killed Fannar
 19159 | Lair:2   | Identified the Collected Works on Calling and Displacement
 19225 | Lair:2   | Learned a level 5 spell: Blade Hands
 19630 | Lair:3   | Found a staircase to the Shoals.
 19731 | Lair:3   | Received a gift from Okawaru
 19780 | Lair:3   | Noticed a seven-headed hydra
 19924 | Lair:3   | Killed a seven-headed hydra
 20858 | Lair:4   | Reached skill level 18 in Bows
 21006 | Lair:4   | Reached XP level 13. HP: 104/111 MP: 18/18
 21321 | Lair:4   | Found an iron altar of Okawaru.
 21634 | Lair:4   | Identified a scroll of acquirement
 22631 | Lair:5   | Found a deep blue altar of Sif Muna.
 22692 | Lair:5   | Received a gift from Okawaru
 23171 | Lair:6   | Received a gift from Okawaru
 23448 | Lair:6   | Received a gift from Okawaru
 24017 | Lair:6   | Received a gift from Okawaru
 24038 | Lair:6   | Reached skill level 10 in Fighting
 24372 | Lair:6   | Found a hole to the Spider Nest.
 24763 | Lair:7   | Reached skill level 19 in Bows
 25370 | Lair:8   | Entered Level 8 of the Lair of Beasts
 26176 | Lair:7   | Received a gift from Okawaru
 26177 | Lair:7   | Got a crude hunting sling {god gift}
 26463 | Lair:8   | Found a staircase to the Slime Pits.
 26556 | Lair:8   | Reached XP level 14. HP: 113/122 MP: 17/19
 26735 | Lair:8   | Noticed Maud
 26867 | Lair:7   | Killed Maud
 26867 | Lair:7   | Received a gift from Okawaru
 27307 | Lair:8   | Reached skill level 1 in Transmutations
 27446 | Lair:8   | Received a gift from Okawaru
 27446 | Lair:8   | Reached skill level 1 in Unarmed Combat
 27990 | Lair:8   | Noticed Snorg
 28107 | Lair:8   | Killed Snorg
 28107 | Lair:8   | Received a gift from Okawaru
 28674 | Lair:8   | Got a scorched centaur barding
 28686 | Lair:8   | Identified the +1 centaur barding of Life {Regen+} (You found it on level 8 of the Lair of Beasts)
 28757 | Lair:8   | Received a gift from Okawaru
 29028 | D:12     | Noticed an unseen horror
 29031 | D:12     | Killed an unseen horror
 29031 | D:12     | Reached skill level 5 in Transmutations
 29258 | D:12     | Noticed a fire dragon
 29525 | D:12     | Killed a fire dragon
 29542 | D:12     | Got an encrusted longbow
 29543 | D:12     | Identified the +11 longbow of Peace {velocity, rC- MR+ Str+2 Dex+2} (You acquired it on level 12 of the Dungeon)
 29867 | Orc:1    | Entered Level 1 of the Orcish Mines
 29876 | Orc:1    | Found Okoi's Food Shop.
 30043 | Orc:1    | Received a gift from Okawaru
 30400 | Orc:3    | Found Roh Yczu's Magic Scroll Emporium.
 30597 | Orc:3    | Found a staircase to the Elven Halls.
 30602 | Orc:3    | Bought 2 scrolls of identify for 44 gold pieces
 30602 | Orc:3    | Bought a scroll of acquirement for 572 gold pieces
 30682 | Orc:3    | Found a frozen archway.
 30693 | Orc:3    | Received a gift from Okawaru
 30718 | IceCv    | Entered an ice cave
 30914 | IceCv    | Reached skill level 5 in Unarmed Combat
 31190 | IceCv    | Got a fine lajatang
 31193 | IceCv    | Identified the +4 lajatang "Inwenuv" {holy, Str+4 Dex+3} (You found it in an ice cave)
 31484 | Orc:3    | Noticed DEFE's ghost (powerful DDFi)
 31502 | Orc:3    | Killed DEFE's ghost
 32525 | Orc:4    | Entered Level 4 of the Orcish Mines
 32630 | Orc:4    | Reached XP level 15. HP: 128/128 MP: 20/20
 32948 | Orc:4    | Found a roughly hewn altar of Beogh.
 33358 | Orc:4    | Noticed an orc warlord
 33371 | Orc:4    | Killed an orc warlord
 33593 | Orc:4    | Noticed Azrael
 34252 | Orc:4    | Killed Azrael
 34377 | Orc:4    | Found Ozil Doa's General Store.
 34431 | Orc:4    | Bought a scroll of identify for 30 gold pieces
 34431 | Orc:4    | Bought a scroll of teleportation for 45 gold pieces
 34431 | Orc:4    | Bought a potion of curing for 45 gold pieces
 34442 | Orc:4    | Found a roughly hewn altar of Beogh.
 34466 | Orc:4    | Found Zoiguell's Book Shoppe.
 34567 | Orc:4    | Bought a manual of Unarmed Combat for 1435 gold pieces
 34912 | Orc:4    | Found Viuruill's Magic Scroll Emporium.
 34918 | Orc:4    | Found Ifimpoz's Distillery.
 34930 | Orc:4    | Bought a potion of heal wounds for 55 gold pieces
 35536 | Shoals:1 | Entered Level 1 of the Shoals
 35536 | Shoals:1 | Noticed Aizul
 35542 | Shoals:1 | Killed Aizul
 35606 | Shoals:1 | Reached skill level 10 in Transmutations
 35863 | Shoals:1 | Received a gift from Okawaru
 36047 | Shoals:1 | Received a gift from Okawaru
 36179 | Shoals:1 | Received a gift from Okawaru
 36319 | Shoals:1 | Received a gift from Okawaru
 36527 | Shoals:1 | Reached skill level 10 in Unarmed Combat
 36537 | Shoals:1 | Received a gift from Okawaru
 36834 | Shoals:1 | Reached XP level 16. HP: 114/136 MP: 18/21
 38712 | Shoals:3 | Got a fine chain mail
 38713 | Shoals:3 | Identified the +7 chain mail of the World {+Fly} (You took it off a merfolk on level 3 of the Shoals)
 38750 | Shoals:3 | Found Arappy's Assorted Antiques.
 38775 | Shoals:3 | Received a gift from Okawaru
 38796 | Shoals:3 | Bought a runed cloak for 121 gold pieces
 38796 | Shoals:3 | Bought a bloodstained ring mail for 243 gold pieces
 38835 | Shoals:3 | Identified the +4 ring mail of Hoalid {+Fly rPois rF+ Str+4} (You bought it in a shop on level 3 of the Shoals)
 39510 | Shoals:4 | Entered Level 4 of the Shoals
 40023 | Shoals:4 | Received a gift from Okawaru
 40164 | Shoals:4 | Reached skill level 1 in Spellcasting
 40364 | Shoals:4 | Reached skill level 20 in Bows
 40833 | Shoals:4 | Got a barnacled rune of Zot
 41032 | Shoals:4 | Noticed Ilsuiw
 41036 | Shoals:4 | Killed Ilsuiw
 41041 | Shoals:4 | Received a gift from Okawaru
 41041 | Shoals:4 | Reached XP level 17. HP: 144/144 MP: 22/22
 41561 | Shoals:4 | Received a gift from Okawaru
 41986 | Shoals:4 | Received a gift from Okawaru
 42007 | Shoals:4 | Learned a level 6 spell: Deflect Missiles
 42014 | Shoals:4 | Learned a level 6 spell: Haste
 42350 | Orc:4    | Bought 2 potions of invisibility for 176 gold pieces
 42385 | Elf:1    | Entered Level 1 of the Elven Halls
 43160 | Elf:1    | Identified the Catalogue of the Entourage (You found it on level 1 of the Elven Halls)
 43615 | Elf:2    | Gained mutation: You have a somewhat thin skeletal structure (Dex +2, Stealth). [potion of mutation]
 43615 | Elf:2    | Lost mutation: You have a somewhat thin skeletal structure (Dex +2, Stealth). [potion of mutation]
 43616 | Elf:2    | Gained mutation: Your spells are a little harder to cast, but a little more powerful. [potion of mutation]
 43616 | Elf:2    | Lost mutation: Your spells are a little harder to cast, but a little more powerful. [potion of mutation]
 43714 | Elf:2    | Found a huge runed gate.
 43714 | Elf:2    | Found a huge runed gate.
 43714 | Elf:2    | Found a huge runed gate.
 43725 | Elf:2    | Found a huge runed gate.
 43726 | Elf:2    | Found a huge runed gate.
 43893 | Elf:2    | Found a radiant altar of Vehumet.
 44808 | Elf:3    | Entered Level 3 of the Elven Halls
 45185 | Spider:1 | Entered Level 1 of the Spider Nest
 45316 | Spider:1 | Received a gift from Okawaru
 45587 | Spider:1 | Noticed Nikola
 45663 | Spider:1 | Killed Nikola
 45778 | Spider:1 | Reached XP level 18. HP: 154/154 MP: 18/24
 46734 | Spider:2 | Received a gift from Okawaru
 47867 | Spider:3 | Noticed Norris
 47895 | Spider:3 | Killed Norris
 47895 | Spider:3 | Reached skill level 21 in Bows
 47895 | Spider:3 | Reached skill level 5 in Spellcasting
 48255 | Spider:3 | Reached skill level 1 in Charms
 48610 | Spider:3 | Reached skill level 1 in Air Magic
 49208 | Spider:3 | Received a gift from Okawaru
 49929 | Spider:4 | Entered Level 4 of the Spider Nest
 49944 | Spider:4 | Reached skill level 15 in Unarmed Combat
 50042 | Spider:4 | Reached skill level 10 in Armour
 50075 | Spider:4 | Received a gift from Okawaru
 50867 | Spider:4 | Reached skill level 10 in Dodging
 51528 | Spider:4 | Received a gift from Okawaru
 51534 | Spider:4 | Got a gossamer rune of Zot
 51586 | Spider:4 | Reached XP level 19. HP: 141/162 MP: 0/26
 52586 | Elf:3    | Received a gift from Okawaru
 53093 | Elf:2    | Reached skill level 5 in Charms
 53677 | Elf:3    | Reached skill level 5 in Air Magic
 53880 | Elf:3    | Received a gift from Okawaru
 54612 | Elf:3    | Received a gift from Okawaru
 55236 | Elf:3    | Got a brightly glowing scale mail
 55250 | Elf:3    | Identified the +2 scale mail "Fotien" {Regen+} (You found it on level 3 of the Elven Halls)
 55267 | Elf:3    | Identified the Guide on Unstable Displacement
 55270 | Elf:3    | Learned a level 1 spell: Apportation
 55326 | Elf:3    | Got a heavily runed ring mail
 55344 | Elf:3    | Identified the cursed +0 ring mail of the Volcano {rCorr Str+2 Dex+2} (You found it on level 3 of the Elven Halls)
 55995 | Orc:4    | Got a bloodstained scale mail
 56007 | Orc:4    | Identified the +5 scale mail of Geqush {rPois} (You found it on level 4 of the Orcish Mines)
 56326 | Slime:1  | Entered Level 1 of the Pits of Slime
 57594 | Slime:2  | Gained mutation: Your body sometimes deteriorates upon taking damage. [a shining eye]
 57596 | Slime:2  | Gained mutation: Your magical capacity is low (-10% MP). [a shining eye]
 58347 | Slime:2  | Gained mutation: You occasionally shout uncontrollably at your foes. [a shining eye]
 58351 | Slime:2  | Reached XP level 20. HP: 136/171 MP: 24/24
 58431 | Slime:2  | Gained mutation: You expend magic power (3 MP) to strengthen your wands. [a shining eye]
 58460 | Slime:1  | Lost mutation: Your magical capacity is low (-10% MP). [potion of cure mutation]
 58460 | Slime:1  | Lost mutation: You can spit weak poison. [potion of cure mutation]
 58460 | Slime:1  | Lost mutation: Your body sometimes deteriorates upon taking damage. [potion of cure mutation]
 58460 | Slime:1  | Lost mutation: You occasionally shout uncontrollably at your foes. [potion of cure mutation]
 59095 | Slime:2  | Received a gift from Okawaru
 59796 | Slime:4  | Received a gift from Okawaru
 60693 | Slime:5  | Received a gift from Okawaru
 61352 | Slime:6  | Entered Level 6 of the Pits of Slime
 62328 | Slime:6  | Noticed the royal jelly
 62535 | Slime:5  | Gained mutation: Your magical capacity is low (-10% MP). [a shining eye]
 62553 | Slime:6  | Gained mutation: Scrolls take you a little longer to read. [a shining eye]
 62662 | Slime:5  | Lost mutation: Scrolls take you a little longer to read. [potion of cure mutation]
 62662 | Slime:5  | Lost mutation: Your magical capacity is low (-10% MP). [potion of cure mutation]
 62662 | Slime:5  | Lost mutation: You expend magic power (3 MP) to strengthen your wands. [potion of cure mutation]
 62665 | Slime:6  | Gained mutation: You heal slowly when monsters are visible. [a shining eye]
 63346 | Slime:5  | Demolished by an azure jelly

Vault maps used:
D:1:      grunt_arrival_crossed_arrows
D:3:      first_bread
D:4:      serial_glass, glass_columns_b, glass_columns_b
D:5:      minmay_goblin_kobold_castle, kiku_gazebo_garden_becter,
          minmay_temple_entry_fiery
D:6:      old_standard_altar, serial_shops, shop
D:7:      roderic_batcave
D:8:      cheibrodos_worm_habitat, grunt_ogre_cave, zaba_anthole, uniq_maurice,
          uniq_erolcha
D:10:     serial_shops, nicolae_shop_stone, shop,
          nicolae_shop_overgrown_old_shop, shop, shop
D:11:     dpeg_lair_monsters, minivault_27, uniq_psyche
D:12:     dragon1_lemuel, david_orc_2, serial_bayou, serial_bayou_pond_e,
          serial_bayou_pond_d, serial_bayou_pond_a, serial_bayou_shore_a,
          minmay_statue_bubble
Temple:   nicolae_temple_x_marks_the_god_16
Lair:1:   uniq_fannar
Lair:3:   elwin_shoals_entry_rocks
Lair:4:   basic_altar, grunt_forest_large_clearings
Lair:5:   lemuel_centaur_altar, grunt_megastairs_4
Lair:6:   spider_nest_entry_funnel_web, serial_bayou_lagoon_a,
          infiniplex_staircase_pool
Lair:7:   lemuel_fruit_tree
Lair:8:   evilmike_catoblepas_cave, minmay_slime_entry_pillars, uniq_snorg,
          uniq_maud
Shoals:1: nicolae_shoals_square_sea_wall, st_shoals_ruin, uniq_aizul
Shoals:3: nicolae_shoals_c_island
Shoals:4: shoals_end_simple, shoals_ilsuiw_alternative
Spider:1: guppyfry_spider_mini_3, uniq_nikola
Spider:2: hangedman_spider_tarantella_strand
Spider:3: nicolae_orb_island, uniq_norris
Spider:4: guppyfry_spider_rune
Slime:2:  hangedman_slime_tunnels
Slime:5:  nicolae_slime_ancient_tower_intersection
Orc:1:    serial_shops, nicolae_shop_scaring_up_business, rock_pile
Orc:2:    enter_bailey_3
Orc:3:    portal_ice_cave_entry_animals_and_master, serial_shops, shop,
          nicolae_orc_pool_cavern
Orc:4:    pubby_orc_utopia, uniq_azrael
Elf:1:    eino_elf_arrival_sip, minmay_elf_demonology,
          statue_in_the_mist_lemuel, grunt_megastairs_1
Elf:2:    serial_corexii_hall, corexii_hall_statues_i, corexii_hall_statues_u,
          basic_altar, grunt_megastairs_3
Elf:3:    grunt_elf_hall_diamonds
IceCv:    ice_cave_small_demon

Action                   |  1- 3 |  4- 6 |  7- 9 | 10-12 | 13-15 | 16-18 | 19-21 || total
-------------------------+-------+-------+-------+-------+-------+-------+-------++-------
Melee: Unarmed           |     9 |       |       |       |       |   782 |   469 ||  1260
       Short sword       |    84 |    50 |    25 |       |       |       |       ||   159
       Spear             |       |    97 |       |       |       |       |       ||    97
       Quarterstaff      |       |    12 |    27 |       |       |       |       ||    39
       Flail             |       |       |   382 |   105 |       |       |       ||   487
       Shortbow          |       |       |       |   129 |       |       |       ||   129
       Great mace        |       |       |       |    51 |    90 |       |       ||   141
       Longbow           |       |       |       |       |     1 |     3 |       ||     4
       Lajatang          |       |       |       |       |     8 |   151 |       ||   159
 Fire: Shortbow          |    72 |   151 |   168 |  1189 |   334 |       |       ||  1914
       Longbow           |       |       |       |       |  1389 |   834 |   531 ||  2754
 Cast: Blade Hands       |       |       |       |       |       |    56 |    20 ||    76
       Summon Butterflie |       |       |       |       |       |     1 |       ||     1
Invok: Heroism           |       |       |       |     1 |     7 |    19 |     8 ||    35
       Finesse           |       |       |       |       |     1 |     6 |     3 ||    10
 Abil: Evoke Flight      |       |       |       |       |       |     1 |       ||     1
Evoke: Deck              |       |       |       |       |     2 |       |       ||     2
       Wand              |       |       |       |       |       |     4 |       ||     4
  Use: Potion            |     1 |     1 |       |       |     3 |    10 |     7 ||    22
       Scroll            |       |       |    20 |     6 |    21 |    11 |     5 ||    63
 Stab: Sleeping          |       |       |       |     1 |       |     1 |       ||     2
       Invisible         |       |       |       |       |       |     5 |       ||     5
  Eat: Chunk             |     3 |     9 |    15 |    19 |    24 |    56 |    26 ||   152
       Pizza             |       |       |       |     3 |     3 |     1 |     1 ||     8
       Royal jelly       |       |       |       |     3 |       |     1 |       ||     4
       Beef jerky        |       |       |       |       |     7 |     7 |     2 ||    16
       Fruit             |       |       |       |       |       |     1 |       ||     1
       Meat ration       |       |       |       |       |       |       |     3 ||     3
